 Dungeon Crawl Stone Soup version 0.21.1-1-g345015f (webtiles) character file.

22 tidbits the Grave Robber (level 2, 2/20 HPs)
             Began as a Gnoll Necromancer on June 26, 2018.
             Quit the game on level 4 of the Dungeon.
             The game lasted 00:02:57 (289 turns).

tidbits the Grave Robber (Gnoll Necromancer)         Turns: 289, Time: 00:02:58

Health: 2/20       AC:  2    Str: 10    XL:     2   Next: 91%
Magic:  6/7        EV: 14    Int: 17    God:
Gold:   22         SH:  0    Dex: 15    Spells: 8/10 levels left

rFire    . . .     SeeInvis .   a - +0 dagger
rCold    . . .     Gourm    .   (no shield)
rNeg     . . .     Faith    .   e - +0 robe
rPois    +         Spirit   .   (no helmet)
rElec    .         Reflect  .   (no cloak)
rCorr    .         Harm     .   (no gloves)
MR       .....                  (no boots)
Stlth    +++.......             (no amulet)
HPRegen  0.06/turn              h - ring of poison resistance
MPRegen  0.10/turn              (no ring)

@: no status effects
A: distributed training, fangs 1, strong nose
a: no special abilities


You were on level 4 of the Dungeon.
You were not hungry.

You visited 1 branch of the dungeon, and saw 4 of its levels.

You collected 22 gold pieces.

Inventory:

Hand Weapons
 a - a +0 dagger (weapon)
 f - a +0 hunting sling
 i - a +0 war axe
 j - a +0 club
Missiles
 k - a tomahawk (quivered)
Armour
 e - a +0 robe (worn)
Jewellery
 h - a ring of poison resistance (left hand)
   (You found it on level 3 of the Dungeon)
Wands
 p - a wand of paralysis (10)
Scrolls
 d - 2 scrolls of remove curse {unknown}
Potions
 g - a potion of degeneration {unknown}
 m - a potion of cancellation {unknown}
Books
 b - a book of Necromancy

   Spells                             Type                      Level
   a - Pain                           Necromancy                   1
   b - Animate Skeleton               Necromancy                   1
   c - Vampiric Draining              Necromancy                   3
   d - Regeneration                   Charms/Necromancy            3
   e - Animate Dead                   Necromancy                   4
   f - Borgnjor's Vile Clutch         Necromancy/Earth             5
Comestibles
 c - 2 rations


   Skills:
 + Level 0.5 Fighting
 + Level 0.5 Short Blades
 + Level 0.5 Long Blades
 + Level 0.5 Axes
 + Level 0.5 Maces & Flails
 + Level 0.5 Polearms
 + Level 0.5 Staves
 + Level 0.5 Slings
 + Level 0.5 Bows
 + Level 0.5 Crossbows
 + Level 0.5 Throwing
 + Level 0.5 Armour
 + Level 4.5 Dodging
 + Level 4.1 Stealth
 + Level 0.5 Shields
 + Level 0.5 Unarmed Combat
 + Level 4.9 Spellcasting
 + Level 0.4 Conjurations
 + Level 0.4 Hexes
 + Level 0.4 Charms
 + Level 0.4 Summonings
 + Level 7.0 Necromancy
 + Level 0.4 Translocations
 + Level 0.4 Transmutations
 + Level 0.4 Fire Magic
 + Level 0.4 Ice Magic
 + Level 0.4 Air Magic
 + Level 0.4 Earth Magic
 + Level 0.4 Poison Magic
 + Level 0.7 Invocations
 + Level 0.5 Evocations


You had 8 spell levels left.
You knew the following spells:

 Your Spells              Type           Power        Failure   Level  Hunger
a - Pain                  Necr           ####         1%          1    None
n - Animate Skeleton      Necr           N/A          1%          1    None


Dungeon Overview and Level Annotations

Branches:
Dungeon (4/15)
 Temple: D:4-7

Altars:

Annotations:
D:4 Pikel, Sigmund


Innate Abilities, Weirdness & Mutations

Your experience applies equally to all skills.
You have very sharp teeth.
Your uncanny sense of smell can sniff out nearby items.


Message History

Press: ? - help, Shift-Dir - straight line, f/p - bat
Aim: a bat (moderately wounded, chance to defeat MR: 93%)
The bat writhes in agony!
You kill the bat!
A hobgoblin comes into view. It is wielding a club.
The hobgoblin shouts!
The hobgoblin moves out of view.
A kobold comes into view. It is wielding a dagger.
Casting: Pain
Confirm with . or Enter, or press ? or * to list all spells.
Aiming: Pain
Press: ? - help, Shift-Dir - straight line, f - kobold
Aim: a kobold, wielding a dagger (hasn't noticed you, chance to defeat MR: 93%)
The kobold shouts!
The kobold writhes in agony!
You kill the kobold!
Casting: Pain
Confirm with . or Enter, or press ? or * to list all spells.
Aiming: Pain
Press: ? - help, Shift-Dir - straight line, f - hobgoblin
Aim: a hobgoblin, wielding a club (chance to defeat MR: 93%)
The hobgoblin writhes in agony!
Casting: Pain
Confirm with . or Enter, or press ? or * to list all spells.
Aiming: Pain
Press: ? - help, Shift-Dir - straight line, f/p - hobgoblin
Aim: a hobgoblin, wielding a club (almost dead, chance to defeat MR: 93%)
The hobgoblin writhes in agony!
You kill the hobgoblin!
Found a dagger.
Found a stone staircase leading down.
Things that are here:
a club; a hobgoblin corpse
Things that are here:
a dagger; a stone; a kobold corpse Unknown command.
Found 19 sling bullets.
Found an escape hatch in the ceiling.
Unknown command.
You see here a dagger.
j - a dagger
There is a stone staircase leading down here.
Wield which item (- for none, * to show all)? (? for menu, Esc to quit)
j - a +0 dagger (weapon)
Adjust (i)tems, (s)pells, or (a)bilities?
Adjust which item? (? for menu, Esc to quit)
j - a +0 dagger (weapon)
Adjust to which letter? (? for menu, Esc to quit)
a - a +0 dagger (weapon);
j - a +0 club You climb downwards.
A howler monkey comes into view.
Found a stone staircase leading up and a stone staircase leading down.
There is a stone staircase leading up here.
Found 5 gold pieces.
An orc comes into view.
The orc shouts!
You hear a shout!
You hear a howl!
You hear an angry hiss.
A frilled lizard and an orc come into view.
An orc comes into view.
The orc shouts!
The orc hits you.
* * * LOW HITPOINT WARNING * * *
Found a worn bronze wand.
Found a scroll labeled KEXIR SIUCIPT.
There is a stone staircase leading up here.
The howler monkey hoots and howls with incredible vigour!
You hear a shout! x5 3 orcs come into view.
The orc shouts! x2
The orc throws a tomahawk.
The tomahawk barely misses you.
Found a bubbling dark potion.
Found a stone staircase leading up.
Things that are here:
a tomahawk; a wand of paralysis (11)
k - a tomahawk;
l - a wand of paralysis (11)
An orc comes into view.
The orc throws a tomahawk.
The tomahawk hits you.
* * * LOW HITPOINT WARNING * * *
You see here a tomahawk.
You see here a bubbling dark potion.
m - a bubbling dark potion Evoke which item? (* to show all) (? for menu, Esc to quit)
Aiming: Paralyse
Press: ? - help, Shift-Dir - straight line, f - orc
Aim: an orc, wielding a dagger and wearing a leather armour (chance to defeat MR: 65%)
The orc suddenly stops moving!
Adjust (i)tems, (s)pells, or (a)bilities?
Adjust which item? (? for menu, Esc to quit)
l - a wand of paralysis (10) Adjust to which letter? (? for menu, Esc to quit)
p - a wand of paralysis (10)
The frilled lizard bites you.
* * * LOW HITPOINT WARNING * * *
Sigmund the Dreaded comes into view.
He is wielding a scythe.
Pikel the Slaver comes into view.
He is wielding a whip of flaming.
A slave comes into view. 2 slaves come into view.
The slave shouts! x2; You hear a shout!
Pikel shouts!
You hear a shout!
Sigmund shouts!
Pikel drinks a potion.
Pikel flickers and vanishes!
A slave comes into view.
Are you sure you want to abandon this character and quit the game? (Confirm with "yes".)

#. #. #......# #.p#.#
###......### .p#p#
#..........# .#. ##.#.#
#..........# ...
.p..###..........#
.#...###... +@.........+
.........>###..........#
.#...####...<......?...<
........{.@.@.$#o######o
.........l#.#.##oh..ooo.
#...##<#.#.#.##o######.
#.. #.#.#.#.##o#
#.#.#......#
#.#.....#### #.#######
#.# #.#


You could see Sigmund, 4 slaves and a frilled lizard.

Vanquished Creatures
  An adder (D:3)
  An orc (D:3)
  A ball python (D:1)
  3 hobgoblins (D:3)
  2 bats (D:3)
  A frilled lizard (D:3)
  3 kobolds
  A rat (D:3)
13 creatures vanquished.

Notes
Turn   | Place    | Note
-------+----------+-------------------------------------------
     0 | D:1      | tidbits the Gnoll Necromancer began the quest for the Orb.
     0 | D:1      | Reached XP level 1. HP: 13/13 MP: 6/6
   133 | D:3      | Reached XP level 2. HP: 15/19 MP: 3/7
   136 | D:3      | Learned a level 1 spell: Animate Skeleton
   260 | D:4      | Noticed a howler monkey
   279 | D:4      | HP: 1/20 [frilled lizard (3)]
   280 | D:4      | Noticed Sigmund
   285 | D:4      | Noticed Pikel
   288 | D:4      | Noticed a slave
   288 | D:4      | Noticed a slave
   288 | D:4      | Noticed a slave
   289 | D:4      | Noticed a slave
   289 | D:4      | Quit the game

Action                   || total
-------------------------++-------
 Cast: Pain              ||    20
Evoke: Wand              ||     1
Armor: Robe              ||     2
Dodge: Dodged            ||     1

Table legend:
 A = Turns spent in this place as a percentage of turns spent in the entire game.
 B = Non-inter-level travel turns spent in this place as a percentage of non-inter-level travel turns spent in the entire game.
 C = Inter-level travel turns spent in this place as a percentage of turns spent in this place.
 D = Turns resting spent in this place as a percentage of non-inter-level travel turns spent in this place.
 E = Turns spent auto-exploring this place as a percentage of non-inter-level travel turns spent in this place.
 F = Non-inter-level travel turns spent in this place divided by the number of levels of this place that you've seen.
                   A       B       C       D       E      F
               +-------+-------+-------+-------+-------+----------------------
         Total | 100.0 | 100.0 |   3.5 |   0.0 |   0.0 |  69.8
       Dungeon | 100.0 | 100.0 |   3.5 |   0.0 |   0.0 |  69.8
               +-------+-------+-------+-------+-------+----------------------

Table legend:
 A = Kills in this place as a percentage of kills in entire the game.
 B = Kills by you in this place as a percentage of kills by you in the entire game.
 C = Kills by friends in this place as a percentage of kills by friends in the entire game.
 D = Other kills in this place as a percentage of other kills in the entire game.
 E = Experience gained in this place as a percentage of experience gained in the entire game.
 F = Experience gained in this place divided by the number of levels of this place that you have seen.
                   A       B       C       D       E      F
               +-------+-------+-------+-------+-------+----------------------
         Total | 100.0 | 100.0 |   N/A |   N/A | 100.0 |   8.0
       Dungeon | 100.0 | 100.0 |   N/A |   N/A | 100.0 |   8.0
               +-------+-------+-------+-------+-------+----------------------

Vault maps used:
D:1:      dpeg_arrival_tiny_k
D:3:      first_ration, st_stairs_7, serial_park_tiny_1
D:4:      minmay_temple_entry_junction, serial_glass, glass_columns_b,
          glass_columns_c, uniq_pikel, uniq_menkaure, uniq_grinder, uniq_sigmund
